AoeStats
← High T

Arabia

503241196Analyzed
1v1 RM · 1mo ago on Aug 30, 2026· 35m 27s· 2 players
Game mode
Random Map
Map size
Tiny (2 player)
Population
200
Speed
Normal
Resources
Standard
Victory
Conquest
Starting age
Dark Age
Ending age
Imperial Age
RankedLock teamsTeams togetherTeam positionsShared explorationLock speedFull tech treeHidden civsTurbo modeCheats
Victory
Defeat
🇱🇮 Franks · Liechtenstein
911
+16
🇧🇪 Hindustanis · Belgium
906
-44
High T
12:27 Feudal Age
19:20 Double-Bit Axe
19:18 Horse Collar
22:14 Castle Age
31:18 Wheelbarrow
Tiramisù
8:03 Loom
10:04 Feudal Age
11:29 Double-Bit Axe
11:46 Man-at-Arms
18:25 Forging
19:59 Scale Barding Armor
21:50 Fletching
25:51 Castle Age
24:56 Gold Mining
25:16 Scale Mail Armor
25:12 Stone Mining
28:06 Husbandry
30:16 Bodkin Arrow
31:37 Wheelbarrow
34:18 Bow Saw
Connection lost

Rejoining the realm…

Still unreachable

The connection could not be restored.

Session expired

The server has moved on; the page needs a fresh start.